 Dungeon Crawl Stone Soup version 0.28.0-47-ge53b351184 (webtiles) character file.

Game seed: 5516236212660225652

41 hawla the Digger (level 3, -3/14 HPs)
             Began as a Felid Earth Elementalist on May 5, 2022.
             Slain by a hound (6 damage)
             ... on level 1 of the Dungeon on May 6, 2022.
             The game lasted 00:04:09 (1655 turns).

hawla the Digger (Felid Earth Elementalist)         Turns: 1655, Time: 00:04:10

Health: -3/14      AC:  1    Str:  4    XL:     3   Next: 32%
Magic:  8/8        EV: 18    Int: 18    God:
Gold:   101        SH:  0    Dex: 16    Spells: 6/7 levels left
                                        Lives:  0   Deaths: 0

rFire   + . .      SeeInvis +   (weapon unavailable)
rCold   . . .      Faith    .   (shield unavailable)
rNeg    . . .      Spirit   .   (armour unavailable)
rPois   .          Reflect  .   (helmet unavailable)
rElec   .          Harm     .   (cloak unavailable)
rCorr   .          Rampage  .   (gloves unavailable)
Will    .....                   (boots unavailable)
Stlth   ++........              (no amulet)
HPRegen 0.04/turn               e - ring of protection from fire
MPRegen 0.11/turn               (no ring)

@: hasted, invisible, very quick
A: very small, claws 1, fangs 3, see invisible, speed 1, shaggy fur 1, stealthy
paws, no weapons or thrown items, no armour, multi-lived
a: no special abilities


You were on level 1 of the Dungeon.
You visited 1 branch of the dungeon, and saw 2 of its levels.

You collected 101 gold pieces.

Inventory:

Jewellery
 e - a ring of protection from fire (left paw)
Scrolls
 d - 2 scrolls of amnesia {unknown}
 f - a scroll of identify {unknown}
 h - a scroll of enchant weapon {unknown}
Potions
 g - a potion of brilliance {unknown}


   Skills:
 + Level 3.2 Dodging
 + Level 2.6 Stealth
 + Level 2.6 Spellcasting
 + Level 1.1 Transmutations
 + Level 3.3 Earth Magic


You had 6 spell levels left.
You knew the following spells:

 Your Spells              Type           Power      Damage    Failure   Level
a - Sandblast             Erth           28%        2d8       4%          1

Your spell library contained the following spells:

 Spells                   Type           Power      Damage    Failure   Level
 Passwall                 Tmut/Erth      8%         N/A       11%         2
 Stone Arrow              Conj/Erth      16%        3d8       26%         3
 Gell's Gravitas          Tloc           2%         N/A       45%         3
 Teleport Other           Tloc           2%         N/A       45%         3
 Petrify                  Tmut/Erth      10%        N/A       56%         4
 Dispersal                Tloc           1%         N/A       100%        6


Dungeon Overview and Level Annotations

Branches:
Dungeon (2/15)

Altars:

Shops:
D:1 (


Innate Abilities, Weirdness & Mutations

You have sharp claws.
You have razor-sharp teeth.
You have supernaturally acute eyesight. (SInv)
You cover ground quickly. (Speed+)
You are covered in fur. (AC +1)
Your paws help you pounce on unaware monsters.
You are incapable of wielding weapons or throwing items.
You cannot wear armour.
You gain extra lives every three experience levels.


Message History

Unknown command.
You scratch the hound but do no damage. The hound bites you. x2
You barely miss the hound. You bite the hound.
The hound is lightly wounded.
The hound bites you.
* * * LOW HITPOINT WARNING * * *
Your magical contamination has completely faded away.
The hound barely misses you. The hound barely misses you.
There is an open door here.
The hound completely misses you. The hound completely misses you.
There is a stone staircase leading up here.
The hound misses you.
You climb upwards.
There is a stone staircase leading down here.
The hound barely misses you. x2
The hound closely misses you. The hound barely misses you.
The hound closely misses you. The hound misses you.
The hound barely misses you. The hound bites you.
* * * LOW HITPOINT WARNING * * *
The hound completely misses you. The hound bites you.
* * * LOW HITPOINT WARNING * * *
Things that are here:
a +0 dagger; a +0 club The hound misses you.
The hound bites you.
* * * LOW HITPOINT WARNING * * *
The hound closely misses you. The hound barely misses you.
It was a potion of invisibility.
You fade into invisibility!
The hound closely misses you. The hound completely misses you.
It was a potion of haste.
You feel yourself speed up. The hound bites you.
You die...

_≈.≈≈≈#≈...####.#..# #.......#
...[≈##≈...####.#..## ##.......##
..≈≈#.≈≈........#...###.........#
...≈#≈......#....................
≈≈≈##.###...#..........#.........
''##≈............#...#.#....#...#
.................#...#...†.......
#...+............h...##....###...
....#...........@.....#.........#
....#......#..........#.....##..#
....#......#.#........##....##...
.......##......#######...>...#.##
....#####...#### ###.##....#.#
............# #.........#.##
#.....###...###### #.............
...)..###...##...# #.#.#.........
..........####.#.###.####........


You could see a hound.

Vanquished Creatures
  A worm (D:2)
  A dart slug (D:2)
  5 ball pythons
  6 bats
  3 endoplasms
  2 goblins
  3 hobgoblins
  3 quokkas
  3 kobolds (D:1)
  4 rats (D:1)
  A spectral kobold (D:1)
32 creatures vanquished.

Notes
Turn   | Place    | Note
-------+----------+-------------------------------------------
     0 | D:1      | hawla the Felid Earth Elementalist began the quest for the
                  | Orb.
     0 | D:1      | Reached XP level 1. HP: 7/7 MP: 4/4
   171 | D:1      | Found Cuaschuac's Weapon Shop.
   220 | D:1      | Reached XP level 2. HP: 11/11 MP: 4/6
   621 | D:1      | Found a faded altar of an unknown god.
  1157 | D:2      | Identified the +1 robe of the Thinker {Drain Str+6}
  1194 | D:2      | Reached XP level 3. HP: 10/14 MP: 2/7
  1655 | D:1      | Slain by a hound

Illustrated notes

Levels and vault maps discovered:
D:1:      minmay_arrival_four_circles, layout_basic,
          dreamdust_ecumenical_altar_drowned_temple, serial_shops,
          nicolae_shop_bloodbath_and_beyond
D:2:      layout_loops_corners, serial_shops, nicolae_diamond_shop,
          minmay_joined_circles

Skill      XL: |  1  2 |
---------------+-------+-----
Dodging        | 3 |  3.2
Earth Magic    | 3 |  3.3
Stealth        | |  2.6
Spellcasting   | |  2.6
Transmutations | |  1.1

Action                   || total
-------------------------++-------
Melee: Unarmed           ||     2
       Bite              ||     1
 Cast: Sandblast         ||    49
  Use: Potion            ||     2
Armor: Skin              ||     1
Dodge: Dodged            ||    23
